 Dungeon Crawl Stone Soup version 0.29.1-1-gd02db6906a (webtiles) character file.

Game seed: 17078916184207444914

4647 Chimkentus the Gouger (level 10, -9/55 HPs)
             Began as a Felid Transmuter on Oct 16, 2022.
             Was a Priest of Wu Jian.
             Killed from afar by Maggie (16 damage)
             ... with a bolt of fire
             ... on level 2 of the Lair of Beasts on Oct 17, 2022.
             The game lasted 02:00:36 (17369 turns).

Chimkentus the Gouger (Felid Transmuter)           Turns: 17369, Time: 02:00:37

Health: -9/55      AC: 12    Str:  6    XL:     10   Next: 20%
Magic:  15/18      EV: 15    Int: 20    God:    Wu Jian [***...]
Gold:   685        SH:  0    Dex: 22    Spells: 2/19 levels left
                                        Lives:  0   Deaths: 3

rFire   x . .      SeeInvis +     - Unarmed
rCold   + + +      Faith    .   (shield unavailable)
rNeg    . . .      Spirit   .   (body armour unavailable)
rPois   +          Reflect  .   (helmet unavailable)
rElec   .          Harm     .   (cloak unavailable)
rCorr   .          Rampage  .   (gloves unavailable)
Will    +....                   (boots unavailable)
Stlth   ++++......              (no amulet)
HPRegen 0.18/turn               y - +4 ring of protection
MPRegen 0.16/turn               J - +6 ring of dexterity

@: ice-form
A: freezing attack, amphibious, boosted hp, large, (claws 1), (fangs 3), see
invisible, (speed 1), (shaggy fur 2), (stealthy paws), no weapons or thrown
items, no armour, multi-lived
a: End Transformation, Renounce Religion, Wall Jump, Serpent's Lash


You were on level 2 of the Lair of Beasts.
You worshipped Wu Jian.
Wu Jian was most pleased with you.
You were a creature of crystalline ice.
You visited 3 branches of the dungeon, and saw 14 of its levels.
You also visited: Ossuary and Gauntlet.

You collected 685 gold pieces.

Inventory:

Jewellery
 c - a ring of protection from fire
 t - a ring of fire
 v - a +4 ring of evasion
 w - a ring of willpower
 y - a +4 ring of protection (left front paw)
 J - a +6 ring of dexterity (right front paw)
 K - a ring of magical power
Wands
 z - a wand of flame (8)
 C - a wand of roots (6)
Scrolls
 f - 3 scrolls of poison
 g - 2 scrolls of noise
 h - a scroll of fog
 i - a scroll of amnesia
 l - 2 scrolls of enchant armour
 m - 3 scrolls of teleportation
 n - 2 scrolls of enchant weapon
 q - 2 scrolls of vulnerability
 r - a scroll of brand weapon
 A - a scroll of torment
 B - a scroll of immolation
 D - 2 scrolls of identify
 E - a scroll of blinking
 F - a scroll of silence
Potions
 a - 6 potions of lignification
 d - 3 potions of attraction
 e - a potion of invisibility
 j - 3 potions of brilliance
 k - 4 potions of flight
 p - a potion of berserk rage
 s - a potion of mutation
 u - 4 potions of ambrosia
 x - 2 potions of magic
 G - a potion of might
 I - a potion of cancellation
Miscellaneous
 b - a box of beasts (inert)
 L - a condenser vane (inert)


   Skills:
 * Level 6.8 Fighting
 + Level 7.6 Dodging
 + Level 5.6 Stealth
 + Level 9.5 Unarmed Combat
 + Level 5.3 Spellcasting
 * Level 3.8 Conjurations
 * Level 8.1 Translocations
 * Level 8.8 Transmutations
 + Level 4.1 Ice Magic
 + Level 2.2 Poison Magic
 + Level 2.5 Evocations


You had 2 spell levels left.
You knew the following spells:

 Your Spells              Type           Power      Damage    Failure   Level
a - Iskenderun's Mystic   Conj/Tloc      29%        2d7       10%         4
b - Wereblood             Tmut           40%        N/A       1%          2
c - Spider Form           Tmut/Pois      27%        N/A       3%          3
d - Ice Form              Ice/Tmut       31%        N/A       8%          4
e - Passwall              Tmut/Erth      19%        N/A       2%          2
f - Static Discharge      Conj/Air       13%        3-5/arc   8%          2

Your spell library contained the following spells:

 Spells                   Type           Power      Damage    Failure   Level
 Beastly Appendage        Tmut           80%        N/A       1%          1
 Sandblast                Erth           10%        2d5       11%         1
 Sublimation of Blood     Necr           5%         N/A       17%         2
 Ozocubu's Armour         Ice            21%        N/A       6%          3
 Blade Hands              Tmut           20%        N/A       9%          5
 Dazzling Flash           Conj/Hex       26%        N/A       16%         3
 Stone Arrow              Conj/Erth      26%        3d8       16%         3
 Irradiate                Conj/Tmut      15%        3d16      22%         5
 Inner Flame              Hex/Fire       5%         N/A       34%         3
 Sticky Flame             Conj/Fire      13%        2d4       45%         4
 Cause Fear               Hex            2%         N/A       75%         4
 Dispel Undead            Necr           5%         3d7       75%         4
 Leda's Liquefaction      Hex/Erth       2%         N/A       75%         4
 Summon Lightning Spire   Summ/Air       5%         N/A       75%         4
 Metabolic Englaciation   Hex/Ice        6%         N/A       80%         5
 Dragon Form              Tmut           20%        N/A       95%         7
 Borgnjor's Vile Clutch   Necr/Erth      2%         N/A       97%         5
 Simulacrum               Ice/Necr       6%         N/A       100%        6
 Starburst                Conj/Fire      6%         6d4       100%        6
 Ozocubu's Refrigeration  Ice            10%        4d9       100%        7
 Storm Form               Tmut/Air       11%        N/A       100%        7
 Summon Hydra             Summ           2%         N/A       100%        7
 Discord                  Hex            2%         N/A       100%        8
 Maxwell's Capacitive Co  Air            2%         ∞         100%        8


Dungeon Overview and Level Annotations

Branches:
Dungeon (11/15)            Temple (1/1) D:7            Lair (2/5) D:9
Ossuary (visited)         Gauntlet (visited)
  Swamp: Lair:2-3    Shoals: Lair:2-3     Snake: Lair:2-3    Spider: Lair:2-3
    Orc: D:9-12

Altars:
Ashenzari
Cheibriados
Dithmenos
Elyvilon
Fedhas
Gozag
Hepliaklqana
Kikubaaqudgha
Makhleb
Nemelex Xobeh
Okawaru
Qazlal
Ru
Sif Muna
Trog
Uskayaw
Vehumet
Wu Jian
Xom
Yredelemnul
Zin
The Shining One

Shops:
D:5 (   D:6 (

Annotations:
D:8 exclusion: acid dragon
D:11 1 runed translucent door, Harold
Lair:1 1 runed translucent door, decrepitue's ghost, journeyman DEIE
Lair:2 Maggie


Innate Abilities, Weirdness & Mutations

You are a creature of crystalline ice.
You have a powerful freezing melee attack.
You are amphibious.
Your maximum health is increased.
((You have sharp claws.))
((You have razor-sharp teeth.))
You have supernaturally acute eyesight. (SInv)
((You cover ground quickly. (Speed+)))
((You are covered in thick fur. (AC +2)))
((Your paws help you pounce on unaware monsters.))
You are incapable of wielding weapons or throwing items.
You cannot wear armour.
You gain extra lives every three experience levels.


Message History

* * * LOW HITPOINT WARNING * * *
The cane toad barely misses you.
Unknown command.
You spin and attack Maggie.
You hit Maggie. You freeze Maggie.
Maggie is moderately wounded.
Maggie completely misses you.
Unknown command.
You spin and attack Maggie.
You hit Maggie but do no damage.
Maggie is moderately wounded.
Maggie hits you with a +2 morningstar of flaming.
* * * LOW HITPOINT WARNING * * *
Maggie melts you.
* * * LOW HITPOINT WARNING * * *
Unknown command.
You feel better.
The cane toad is no longer moving slowly.
Maggie barely misses you.
Aiming: Wall Jump
Press: ? - help, Dir - move target You repeatedly attack the cane toad from above.
You hit the cane toad. You freeze the cane toad.
The cane toad is almost dead.
You punch the cane toad! You freeze the cane toad.
You kill the cane toad!
The Council accepts your kill. Maggie misses you.
Aiming: Fastroot
Press: ? - help, Shift-Dir - straight line The roots erupt in riotous growth!
Roots grab Maggie.
The grasping roots constrict Maggie, but do no damage.
You hear a loud, deep croak!
You hear a roar!
Maggie closely misses you.
You spin and attack Maggie.
You hit Maggie but do no damage.
Maggie is moderately wounded.
The grasping roots constrict Maggie.
Maggie mumbles the words to a spell, but in the wrong order.
Maggie points at you and mumbles some strange words.
The bolt of fire hits you! The fire burns you terribly!
You die...

# ### ########## .######
#.#P.###P##..P#(###.P.#.#
......§.§................
......§§§................
......§§@..#.####........
(.....§§Y...## #........
.##...§§§..## #...##..#
...#..§§§..# ##...#....
...#........# ##....#....
...........####..........
...................#....
..♣................#....
.♣.♣...♣..#♣.##.##......
♣♣ ♣#####P.#..>.


You could see Maggie (rooted).

Vanquished Creatures
  2 two-headed ogres
  Erica (D:8)
  Maurice (D:10)
  4 cane toads
  An unseen horror (D:11)
  A kobold demonologist (D:10)
  A komodo dragon (D:11)
  A hornet (D:6)
  Prince Ribbit (D:7)
  9 yaks
  A water elemental (D:11)
  A wyvern (D:8)
  2 basilisks (D:11)
  A vampire (D:11)
  3 steam dragons
  4 orc warriors
  2 water moccasins
  Duvessa (D:6)
  2 ice beasts
  A sky beast (D:6)
  2 ogres
  A wolf (Lair:1)
  7 centaurs
  A phantom (D:5)
  9 kobold brigands
  3 elf zombies (Ossuary)
  5 bullfrogs
  2 necrophages
  A gnoll sergeant (D:10)
  2 scorpions
  An elf skeleton (D:7)
  6 wights
  Dowan (D:6)
  11 killer bees
  3 electric eels (D:11)
  3 howler monkeys
  2 quasits
  3 human zombies (Ossuary)
  2 gnoll boudas (D:10)
  6 centaur zombies (Ossuary)
  2 hounds (D:6)
  A jelly (D:6)
  3 orc priests
  An iguana (D:4)
  2 human skeletons (D:7)
  4 orc wizards
  3 mummies (Ossuary)
  12 gnolls
  7 adders
  4 shadow imps
  3 white imps
  5 ufetubi
  A worm (D:3)
  2 dart slugs
  18 orcs
  4 endoplasms
  2 giant cockroaches
  4 goblins
  2 hobgoblins
  6 jackals
  30 kobolds
  3 quokkas
  3 ball pythons
  3 bats (D:2)
  3 frilled lizards (D:1)
  An orc skeleton (D:7)
  2 orc zombies (D:7)
  5 rats
  A spectral orc (D:3)
  2 toadstools (D:4)
250 creatures vanquished.

Vanquished Creatures (others)
  5 demonic plants (D:8)
  10 fungi
  21 plants
  3 toadstools (D:4)
39 creatures vanquished.

Grand Total: 289 creatures vanquished

Notes
Turn   | Place    | Note
-------+----------+-------------------------------------------
     0 | D:1      | Chimkentus the Felid Transmuter began the quest for the
                  | Orb.
     0 | D:1      | Reached XP level 1. HP: 9/9 MP: 4/4
   631 | D:1      | Reached XP level 2. HP: 12/12 MP: 4/6
   634 | D:1      | Learned a level 2 spell: Wereblood
   987 | D:1      | Reached skill level 1 in Stealth
  1707 | D:2      | Reached XP level 3. HP: 15/15 MP: 7/7
  2268 | D:2      | Learned a level 3 spell: Spider Form
  2657 | D:3      | You fall into a shaft and drop 2 floors!
  2657 | D:5      | Entered Level 5 of the Dungeon
  2670 | D:5      | Noticed a phantom
  2673 | D:5      | Killed a phantom
  2674 | D:5      | Reached XP level 4. HP: 19/19 MP: 8/8
  2707 | D:5      | Noticed a centaur
  2708 | D:5      | Noticed an ogre
  2717 | D:5      | Killed a centaur
  2718 | D:5      | Reached XP level 5. HP: 16/22 MP: 3/10
  2727 | D:5      | Killed an ogre
  2728 | D:5      | Gained mutation: You are covered in thick fur. (AC +2)
                  | [Felid growth]
  2728 | D:5      | Reached XP level 6. HP: 23/27 MP: 3/11
  3010 | D:5      | Noticed a steam dragon
  3641 | D:4      | Reached skill level 4 in Unarmed Combat
  3746 | D:4      | Reached XP level 7. HP: 30/30 MP: 10/12
  4044 | D:4      | Found the +7 Throatcutter {drain, coup de grace}
  4351 | D:3      | Found a basalt altar of Yredelemnul.
  4446 | D:3      | Learned a level 4 spell: Ice Form
  4450 | D:3      | Learned a level 2 spell: Passwall
  5505 | D:5      | Found Isocowun's Antique Weapon Shoppe.
  5665 | D:5      | Reached skill level 5 in Transmutations
  5777 | D:6      | Found Xoinogg's Weapon Emporium.
  5791 | D:6      | Noticed Dowan
  5863 | D:6      | Noticed a hornet
  5918 | D:6      | Reached skill level 1 in Poison Magic
  6077 | D:5      | Reached skill level 1 in Ice Magic
  6221 | D:6      | Killed a hornet
  6222 | D:6      | Reached skill level 1 in Evocations
  6222 | D:6      | Reached XP level 8. HP: 32/34 MP: 14/14
  6300 | D:6      | Reached skill level 5 in Unarmed Combat
  6509 | D:6      | Noticed Duvessa
  6543 | D:7      | Learned a level 4 spell: Iskenderun's Mystic Blast
  6673 | D:7      | Found a sand-covered staircase.
  6687 | Ossuary  | Entered an ossuary
  6788 | Ossuary  | Reached skill level 1 in Translocations
  7041 | Ossuary  | Reached skill level 6 in Unarmed Combat
  7049 | Ossuary  | Reached XP level 9. HP: 39/39 MP: 13/16
  7218 | D:7      | Noticed Prince Ribbit
  7219 | D:7      | Found a staircase to the Ecumenical Temple.
  7242 | D:7      | Killed Prince Ribbit
  7257 | Temple   | Entered the Ecumenical Temple
  7568 | Temple   | Became a worshipper of the Wu Jian Council
  8495 | D:6      | Killed Duvessa
  8503 | D:6      | Killed Dowan
  8675 | D:6      | Reached skill level 5 in Fighting
  8675 | D:6      | Reached skill level 7 in Unarmed Combat
  9458 | D:8      | Reached skill level 1 in Conjurations
  9459 | D:8      | Reached * piety under Wu Jian
  9460 | D:8      | Reached skill level 5 in Dodging
  9471 | D:8      | Mangled by an orc warrior
  9472 | D:8      | Reached XP level 8. HP: -7/37 MP: 13/15
  9795 | D:8      | Reached XP level 9. HP: 40/40 MP: 13/16
  9795 | D:8      | Noticed Erica
 10292 | D:8      | Killed Erica
 10293 | D:8      | Reached skill level 5 in Translocations
 11034 | D:9      | Reached skill level 8 in Unarmed Combat
 12368 | D:9      | Found a staircase to the Lair.
 12381 | D:9      | Reached XP level 10. HP: 45/45 MP: 11/17
 12391 | D:9      | Reached ** piety under Wu Jian
 13052 | D:10     | Entered Level 10 of the Dungeon
 13092 | D:10     | Noticed Maurice
 13099 | D:10     | Killed Maurice
 13245 | D:10     | Noticed a two-headed ogre
 13391 | D:10     | Killed a two-headed ogre
 14105 | D:10     | Reached skill level 5 in Spellcasting
 14114 | D:10     | Reached skill level 5 in Stealth
 14244 | D:10     | Reached skill level 9 in Unarmed Combat
 14391 | D:10     | Found a sacrificial altar of Ru.
 14651 | D:11     | Noticed Harold
 14652 | D:11     | Noticed a two-headed ogre
 14652 | D:11     | Reached *** piety under Wu Jian
 14868 | D:11     | Found a gate leading to a gauntlet.
 14885 | D:11     | Reached XP level 11. HP: 23/49 MP: 19/19
 14888 | Gauntlet | Entered a Gauntlet
 14888 | Gauntlet | Noticed a blizzard demon
 14888 | Gauntlet | Found a transporter.
 14888 | Gauntlet | Found a transporter.
 15051 | Gauntlet | Found a transporter.
 15051 | Gauntlet | Found a transporter.
 15051 | Gauntlet | Found a transporter.
 15056 | Gauntlet | Noticed a seven-headed hydra
 15064 | Gauntlet | Found a transporter.
 15070 | Gauntlet | Found a transporter.
 15091 | Gauntlet | Found a transporter.
 15093 | Gauntlet | Found a transporter.
 15150 | Gauntlet | Found a transporter.
 15160 | Gauntlet | Found a transporter.
 15187 | Gauntlet | Found a transporter.
 15454 | Gauntlet | Identified the +0 pair of gloves of Zexajacu {rF+ rN+
                  | Stlth+}
 15466 | Gauntlet | Noticed a minotaur
 15467 | Gauntlet | Hit by a javelin thrown by a minotaur
 15468 | Gauntlet | Reached XP level 10. HP: -24/46 MP: 18/18
 15491 | Gauntlet | Got the Treatise on the Brume and Terra Firma
 15736 | D:11     | Killed from afar by an electric eel
 15737 | D:11     | Reached XP level 9. HP: -1/42 MP: 15/17
 15773 | D:11     | Killed a two-headed ogre
 15817 | D:11     | Found a runed translucent door.
 16235 | D:11     | Noticed a two-headed ogre
 16239 | D:11     | Noticed a two-headed ogre
 16477 | D:10     | Learned a level 2 spell: Static Discharge
 16576 | Lair:1   | Entered Level 1 of the Lair of Beasts
 16576 | Lair:1   | Noticed a cane toad
 16583 | Lair:1   | Killed a cane toad
 16692 | Lair:1   | Noticed a cane toad
 16698 | Lair:1   | Killed a cane toad
 16699 | Lair:1   | Reached XP level 10. HP: 46/46 MP: 18/18
 16742 | Lair:1   | Noticed a cane toad
 16756 | Lair:1   | Killed a cane toad
 16853 | Lair:1   | Found a runed translucent door.
 16853 | Lair:1   | Noticed decrepitue's ghost (journeyman DEIE)
 17262 | Lair:2   | Noticed a cane toad
 17336 | Lair:2   | Noticed Maggie
 17357 | Lair:2   | Noticed a cane toad
 17365 | Lair:2   | HP: 2/55 [Maggie/+2 morningstar of flaming (6)]
 17367 | Lair:2   | Killed a cane toad
 17369 | Lair:2   | Killed from afar by Maggie

Illustrated notes

Levels and vault maps discovered:
D:1:      dpeg_arrival_signposts, layout_basic
D:2:      layout_rooms, serial_co_window_serial, co_window_corner_a,
          co_window_paths_b, co_window_of_opportunity_a, co_window_corner_a,
          co_window_of_opportunity_a, co_window_corner_a, co_window_corner_cb,
          co_window_corner_ca, co_window_broadway_c, co_window_unsneaky_path_d,
          co_window_cross_3, co_window_paths_d, glass_columns_c,
          glass_columns_c, glass_columns_b
D:3:      layout_loops_corners, yredelemnul_forgotten_temple_becter
D:4:      layout_basic, minmay_gold_behind_fungi
D:5:      layout_basic, serial_shops, kennysheep_little_box
D:6:      layout_cave_pools, nicolae_stop_n_shop_2, uniq_duvessa
D:7:      mumra_celtic_spiral_tile, layout_layer_cave,
          minmay_temple_entry_crystal_x, nicolae_ossuary_entry_catacombs,
          uniq_prince_ribbit1
D:8:      layout_rooms, serial_demonic, serial_demonic_a, serial_demonic_f,
          serial_demonic_b, serial_demonic_e, uniq_erica
D:9:      layout_basic, grunt_lair_entry_orc_guard_hut, corexii_hall_statues_t
D:10:     minmay_evil_eye, layout_small_grid, mainiacjoe_overflow_alcove_4,
          uniq_maurice
D:11:     layout_rooms, gauntlet_entry_generic, chequers_big_river,
          minivault_13, uniq_harold
Temple:   nicolae_temple_slightly_damp_pantheon
Lair:1:   layout_gridlike, gammafunk_ghost_grave, infiniplex_staircase_pool
Lair:2:   layout_chaotic_city, palyth_hydra_swamp_entry, grunt_megastairs_2,
          uniq_maggie

Skill      XL: |  1  2  3  4  5  6  7  8  9 10 |
---------------+-------------------------------+-----
Stealth        | 1 2 3 4 5 |  5.6
Transmutations | 3 4 5 6 7 8 |  8.8
Fighting       | 2 3 4 5 6 |  6.8
Dodging        | 3 4 7 |  7.6
Spellcasting   | 3 4 5 |  5.3
Unarmed Combat | 4 6 8 9 |  9.5
Poison Magic   | 1 2 |  2.2
Ice Magic      | 1 2 3 4 |  4.1
Evocations     | 1 2 |  2.5
Translocations | 2 5 8 |  8.1
Conjurations   | 2 3 |  3.8

Action                   |  1- 3 |  4- 6 |  7- 9 | 10-12 || total
-------------------------+-------+-------+-------+-------++-------
Melee: Unarmed           |    82 |    53 |   564 |   215 ||   914
       Bite              |     6 |       |     6 |     5 ||    17
       Headbutt          |     7 |     3 |     2 |       ||    12
       Punch             |     2 |       |     4 |       ||     6
 Cast: Beastly Appendage |    26 |     5 |     8 |       ||    39
       Wereblood         |     4 |     1 |    15 |     4 ||    24
       Spider Form       |     1 |     5 |    25 |    15 ||    46
       Ice Form          |       |       |    22 |     8 ||    30
       Passwall          |       |       |     1 |     1 ||     2
       Iskenderun's Myst |       |       |     1 |     1 ||     2
Invok: Lunge             |       |       |    16 |    26 ||    42
       Whirlwind         |       |       |    10 |    51 ||    61
       Serpent's Lash    |       |       |       |     2 ||     2
 Abil: End Transformatio |       |     3 |    18 |     8 ||    29
       Wall Jump         |       |       |       |    16 ||    16
Evoke: Wand              |     4 |     1 |    23 |    15 ||    43
       Box of beasts     |       |       |       |     1 ||     1
       Condenser vane    |       |       |       |     1 ||     1
  Use: Scroll            |     6 |     3 |    18 |     3 ||    30
       Potion            |       |       |     7 |     3 ||    10
 Stab: Sleeping          |     4 |     3 |    11 |     1 ||    19
Armor: Skin              |     6 |     4 |    96 |    12 ||   118
Dodge: Dodged            |    58 |    51 |   504 |   133 ||   746
